 Dungeon Crawl Stone Soup version 0.21-a0-405-gf2af9a1 (webtiles) character file.

1645 drevant the Martial Artist (level 8, -7/39 HPs)
             Began as a Vine Stalker Transmuter on Nov 1, 2017.
             Was a Follower of Nemelex Xobeh.
             Killed by nerve-wracking pain
             ... invoked by an orc priest
              (11 damage)
             ... on level 7 of the Dungeon.
             The game lasted 00:22:34 (6808 turns).

drevant the Martial Artist (VSTm)                   Turns: 6808, Time: 00:22:35

Health: -7/39      AC:  2    Str: 13    XL:     8   Next: 99%
Magic:  0/12       EV: 19    Int: 15    God:    Nemelex Xobeh [*.....]
Gold:   365        SH:  0    Dex: 20    Spells: 5/11 levels left

rFire    . . .     SeeInvis .     - Unarmed
rCold    . . .     Gourm    .   (shield currently unavailable)
rNeg     . . .     Faith    .   (armour currently unavailable)
rPois    x         Spirit   +   (helmet currently unavailable)
rElec    .         Reflect  .   (cloak currently unavailable)
rCorr    +         Harm     .   (gloves currently unavailable)
MR       +....                  (boots currently unavailable)
Stlth    ++........             (no amulet)
HPRegen  0.53/turn              C - ring of resist corrosion
MPRegen  0.13/turn              (no ring)

@: spider-form (expiring)
A: regeneration 1, magic shield, no potion heal 3, rot immunity
a: End Transformation, Renounce Religion


You were on level 7 of the Dungeon.
You worshipped Nemelex Xobeh.
Nemelex Xobeh was aware of your devotion.
You were not hungry.
You were a venomous arachnid creature.
You visited 1 branch of the dungeon, and saw 7 of its levels.

You collected 365 gold pieces.

Inventory:

Hand Weapons
 p - a +1 dagger of venom
Missiles
 a - 47 arrows
 e - 200 stones (quivered)
 i - a throwing net
Armour
 b - a +0 robe
 q - a +0 leather armour of fire resistance (melded)
Jewellery
 C - a ring of resist corrosion (left front leg)
Wands
 r - a wand of flame (44/48)
 w - a wand of lightning (5/15)
 B - a wand of scattershot (5/9)
Scrolls
 f - a scroll of random uselessness {unknown}
 g - 3 scrolls of fear
 j - 4 scrolls of remove curse
 k - 2 scrolls of teleportation
 l - 2 scrolls of amnesia {unknown}
 n - 5 scrolls of magic mapping {unknown}
 o - a scroll of immolation {unknown}
 t - 2 scrolls of identify {unknown}
 v - 2 scrolls of recharging {unknown}
 y - a scroll of enchant weapon {unknown}
 D - a scroll of blinking {unknown}
Potions
 h - 2 potions of flight {unknown}
 m - 2 potions of degeneration {unknown}
 s - 2 potions of curing
 x - 3 potions of heal wounds {unknown}
 z - a potion of mutation {unknown}
 E - a potion of haste {unknown}
 G - 2 potions of lignification
Books
 c - a book of Changes

   Spells                             Type                      Level
   a - Beastly Appendage              Transmutation                1
   b - Sticks to Snakes               Transmutation                2
   c - Spider Form                    Transmutation/Poison         3
   d - Ice Form                       Ice/Transmutation            4
   e - Blade Hands                    Transmutation                5
Miscellaneous
 u - a plain deck of summoning {drawn: 7}
 F - a plain deck of destruction
Comestibles
 d - 6 bread rations
 A - a chunk of flesh


   Skills:
 + Level 2.2 Fighting
 - Level 1.5 Dodging
 * Level 8.1 Unarmed Combat
 - Level 2.1 Spellcasting
 + Level 7.5 Transmutations
 - Level 2.0 Poison Magic


You had 5 spell levels left.
You knew the following spells:

 Your Spells              Type           Power        Failure   Level  Hunger
a - Beastly Appendage     Tmut           ###...       5%          1    #......
b - Sticks to Snakes      Tmut           ###.....     7%          2    ###....
c - Spider Form           Tmut/Pois      ###.......   22%         3    ###....


Dungeon Overview and Level Annotations

Branches:
Dungeon (7/15)             Temple (0/1) D:6

Altars:
Cheibriados
Fedhas
Nemelex Xobeh
Qazlal
Ru
Vehumet
Xom

Annotations:
D:3 Grinder


Innate Abilities, Weirdness & Mutations

((You have razor-sharp teeth.))
Your natural rate of healing is unusually fast.
When hurt, damage is shared between your health and your magic reserves.
((Your bite disrupts and absorbs the magic of your enemies.))
Potions cannot restore your health.
You are immune to rotting.


Message History

Deactivating autopickup; reactivate with Ctrl-A.
The orc priest misses you.
Things that are here:
a vampiric dagger; a robe; a falchion You hit the orc priest.
The orc priest is poisoned.
The orc priest is heavily wounded.
The orc priest misses you.
An adder comes into view.
Your transformation is almost over.
An orc wizard comes into view. It is wielding a dagger.
Things that are here:
a hand axe; a ring mail You see here a battleaxe.
The orc priest invokes the aid of Beogh against you.
Beogh smites you!
* * * LOW HITPOINT WARNING * * *
The orc priest calls down the wrath of Beogh upon you.
Pain shoots through your body!
You die...
Your body disappears without a glow.

##### #########
#######.... #.oy.)).#
#........()) #o'####{#
#.######.### ... #)#
##.## #[# .
#.########...# ##(# .
#yo..s.......####.รท##.
#.#.###.#..........#.#
#.#.##.###..........##
#.#.#.## ##.####...#.#
#.#..## ##..........
#.#.#.## ##..#........
#.#.##.###.#.#........
#.#.###.#.##.###..)##.
#.##.....#.###......


You could see a killer bee and an orc priest.

Vanquished Creatures
  The ghost of Ashen the Firebug, an amateur OpFE (D:3)
  An ice beast (D:5)
  An orc warrior (D:7)
  A bullfrog (D:6)
  2 scorpions
  3 crimson imps
  2 orc priests
  2 jellies
  A bullfrog skeleton (D:5)
  A centaur skeleton (D:7)
  5 worker ants
  7 orc wizards
  A hound zombie (D:6)
  6 adders
  A howler monkey skeleton (D:4)
  2 oozes
  An adder zombie (D:6)
  2 worms (D:5)
  2 dart slugs
  3 leopard geckos
  12 orcs
  8 bats
  7 giant cockroaches
  7 hobgoblins
  9 jackals
  6 kobolds
  3 quokkas
  2 ball pythons
  3 frilled lizards
  4 goblins
  8 rats
114 creatures vanquished.

Vanquished Creatures (collateral kills)
  Menkaure (D:5)
  A hornet zombie (D:6)
  An orc warrior (D:6)
  3 ogres
  A bullfrog (D:6)
  A hound (D:6)
  4 orcs (D:6)
  A ball python (D:6)
  A goblin (D:1)
14 creatures vanquished.

Vanquished Creatures (others)
  An orc wizard (D:6)
  A giant cockroach (D:2)
  A kobold (D:2)
3 creatures vanquished.

Grand Total: 131 creatures vanquished

Notes
Turn   | Place    | Note
-------+----------+-------------------------------------------
     0 | D:1      | drevant the Vine Stalker Transmuter began the quest for the Orb.
     0 | D:1      | Reached XP level 1. HP: 9/9 MP: 4/4
   256 | D:1      | Reached XP level 2. HP: 8/14 MP: 6/6
   463 | D:1      | Learned a level 2 spell: Sticks to Snakes
   846 | D:1      | Reached XP level 3. HP: 17/17 MP: 5/7
  1158 | D:2      | Found a radiant altar of Vehumet.
  1193 | D:2      | Found a shimmering altar of Xom.
  1283 | D:2      | Reached skill level 4 in Unarmed Combat
  1819 | D:2      | Gained mutation: Your natural rate of healing is unusually fast. [Vine Stalker growth]
  1819 | D:2      | Reached XP level 4. HP: 21/21 MP: 8/8
  1824 | D:2      | Learned a level 3 spell: Spider Form
  2034 | D:3      | Noticed Grinder
  2046 | D:3      | Paralysed by Grinder for 2 turns
  2192 | D:3      | Noticed Ashen's ghost (amateur OpFE)
  2334 | D:3      | Paralysed by Grinder for 4 turns
  2518 | D:4      | Noticed an ogre
  2535 | D:3      | Reached XP level 5. HP: 14/25 MP: 6/9
  2579 | D:3      | Reached skill level 5 in Unarmed Combat
  3264 | D:3      | Killed Ashen's ghost
  3264 | D:3      | Reached skill level 6 in Unarmed Combat
  3264 | D:3      | Reached XP level 6. HP: 23/29 MP: 8/10
  3826 | D:4      | Reached XP level 7. HP: 32/32 MP: 6/11
  3899 | D:4      | Found a blossoming altar of Fedhas.
  4287 | D:5      | Entered Level 5 of the Dungeon
  4394 | D:5      | Found a sacrificial altar of Ru.
  4420 | D:5      | Reached skill level 5 in Transmutations
  4563 | D:5      | Found a snail-covered altar of Cheibriados.
  4777 | D:5      | Found a sparkling altar of Nemelex Xobeh.
  4830 | D:5      | Became a worshipper of Nemelex Xobeh the Trickster
  5033 | D:5      | Received a gift from Nemelex Xobeh
  5033 | D:5      | Noticed Menkaure
  5035 | D:5      | Noticed an insubstantial wisp
  5035 | D:5      | Noticed an insubstantial wisp
  5036 | D:5      | Noticed a rust devil
  5037 | D:5      | Noticed an insubstantial wisp
  5040 | D:5      | Killed Menkaure
  5153 | D:5      | Found a stormy altar of Qazlal.
  5155 | D:5      | Noticed a fire elemental
  5233 | D:5      | Noticed an air elemental
  5233 | D:5      | Noticed a water elemental
  5657 | D:6      | Reached skill level 7 in Unarmed Combat
  5657 | D:6      | Gained mutation: You have razor-sharp teeth. [Vine Stalker growth]
  5657 | D:6      | Reached XP level 8. HP: 36/37 MP: 12/12
  5992 | D:6      | Reached * piety under Nemelex Xobeh
  6065 | D:6      | Found a staircase to the Ecumenical Temple.
  6345 | D:6      | Reached skill level 1 in Fighting
  6360 | D:6      | Reached skill level 1 in Poison Magic
  6628 | D:7      | Reached skill level 8 in Unarmed Combat
  6668 | D:7      | Found a stormy altar of Qazlal.
  6674 | D:7      | Received a gift from Nemelex Xobeh
  6808 | D:7      | Killed from afar by an orc priest

Vault maps used:
D:1:      dpeg_arrival_prison, minmay_tree_intersection
D:2:      fiery_altar_vehumet, lemuel_crystal_altar
D:3:      first_bread, uniq_grinder
D:4:      minmay_door_path, grunt_ministairs_6, fedhas_altar_1
D:5:      nicolae_ru_sacrificial_ziggurat, nemelex_xobeh_ov_fountains_minmay,
          slow_altar_1, minmay_misc_feat_columns,
          nicolae_qazlal_style_of_elements, uniq_menkaure
D:6:      minmay_temple_entry_statues, minmay_misc_feat_cross
D:7:      trog_ov_bears_minmay, overflow_temple_1_default,
          nicolae_overflow_crystal_walls, kennysheep_generic_room_7

Skill      XL: |  1  2  3  4  5  6  7  8 |
---------------+-------------------------+-----
Unarmed Combat | 4 6 7 8 |  8.1
Transmutations | 3 4 6 7 |  7.5
Fighting       | 2 |  2.2
Poison Magic   | 2 |  2.0
Dodging        | |  1.5
Spellcasting   | |  2.1

Action                   |  1- 3 |  4- 6 |  7- 9 || total
-------------------------+-------+-------+-------++-------
Melee: Unarmed           |    60 |    26 |   186 ||   272
       Bite              |    17 |    34 |    41 ||    92
       Headbutt          |     1 |     1 |    16 ||    18
       Punch             |     4 |     2 |     7 ||    13
       Kick              |     3 |     5 |    12 ||    20
       Dagger            |    44 |   110 |       ||   154
Throw: Stone             |     2 |       |       ||     2
 Cast: Beastly Appendage |     8 |     6 |    24 ||    38
       Sticks to Snakes  |     5 |     8 |    15 ||    28
       Spider Form       |       |       |     2 ||     2
Evoke: Deck              |       |       |     7 ||     7
  Use: Scroll            |     2 |     1 |       ||     3
       Potion            |       |     2 |       ||     2
 Stab: Distracted        |       |       |     1 ||     1
  Eat: Chunk             |     3 |     8 |     4 ||    15
       Bread ration      |       |       |     1 ||     1
       Royal jelly       |       |       |     1 ||     1
Armor: Robe              |    11 |       |       ||    11
       Leather armour    |    15 |    26 |    21 ||    62
       Skin              |       |     3 |     2 ||     5
Dodge: Dodged            |    62 |    90 |    96 ||   248

Table legend:
 A = Spawn XP
 B = Non-spawn XP
 C = Spawn XP percentage of total XP
 D = Spawn monster count
 E = Non-spawn monster count
 F = Spawn count percentage of total count
 G = Total turns spent on level
                    A         B        C        D         E        F      G
               +---------+---------+-------+---------+---------+-------+---------
         Total |       0 |    2350 |   0.0 |       0 |     129 |   0.0 |  6808
               +---------+---------+-------+---------+---------+-------+---------
           D:1 |       0 |      38 |   0.0 |       0 |      22 |   0.0 |  1079
           D:2 |       0 |      54 |   0.0 |       0 |      21 |   0.0 |  1275
           D:3 |       0 |     383 |   0.0 |       0 |      23 |   0.0 |   935
           D:4 |       0 |     164 |   0.0 |       0 |      11 |   0.0 |  1073
           D:5 |       0 |     526 |   0.0 |       0 |      11 |   0.0 |  1239
           D:6 |       0 |     813 |   0.0 |       0 |      28 |   0.0 |   933
           D:7 |       0 |     372 |   0.0 |       0 |      13 |   0.0 |   274
               +---------+---------+-------+---------+---------+-------+---------
